 Dungeon Crawl Stone Soup version 0.19.0-11-g3fc08b3 (webtiles) character file.

823 Jerry the Covered (level 7, -9/43 HPs)
             Began as a Gargoyle Fighter on Nov 9, 2016.
             Was an Initiate of Okawaru.
             Mangled by Blork the orc
             ... wielding a +0 battleaxe
              (11 damage)
             ... on level 4 of the Dungeon.
             The game lasted 00:13:45 (4109 turns).

Jerry the Covered (Gargoyle Fighter)                Turns: 4109, Time: 00:13:45

Health: -9/43      AC: 12    Str: 19    XL:     7   Next: 96%
Magic:  7/7        EV:  7    Int:  9    God:    Okawaru [......]
Gold:   201        SH:  9    Dex: 11    Spells: 1 memorised, 4 levels left

rFire  . . .     SeeInvis +     w - +1 whip (drain)
rCold  . . .     Gourm    .     b - +0 scale mail
rNeg   + . .     Faith    .     c - +0 shield
rPois  ∞         Spirit   .     (no helmet)
rElec  +         Reflect  .     (no cloak)
rCorr  .         Harm     .     (no gloves)
MR     .....                    (no boots)
Stlth  ..........               (no amulet)
                                n - ring of see invisible
                                a - ring of wizardry

@: drained
A: negative energy resistance 1, electricity resistance, unbreathing,
petrification resistance, rot immunity, AC +4
a: Renounce Religion


You were on level 4 of the Dungeon.
You worshipped Okawaru.
Okawaru was noncommittal.
You were very hungry.

You visited 2 branches of the dungeon, and saw 6 of its levels.

You collected 201 gold pieces.

Inventory:

Hand Weapons
 w - a +1 whip of draining (weapon)
Armour
 b - a +0 scale mail (worn)
 c - a +0 shield (worn)
Jewellery
 a - a ring of wizardry (left hand)
 n - a ring of see invisible (right hand)
 z - a +1 ring of protection {unknown}
Wands
 A - a wand of hasting (6/9)
Scrolls
 h - 4 scrolls of remove curse {unknown}
 k - 2 scrolls of amnesia {unknown}
 l - 4 scrolls of identify {unknown}
 m - 2 scrolls of enchant weapon {unknown}
 r - a scroll of immolation {unknown}
 s - 2 scrolls of fog {unknown}
 u - 3 scrolls of fear {unknown}
 v - a scroll of magic mapping {unknown}
 x - a scroll of teleportation {unknown}
Potions
 d - a potion of heal wounds {unknown}
 e - 2 potions of degeneration {unknown}
 g - 2 potions of magic {unknown}
 j - a potion of resistance {unknown}
 o - a potion of agility {unknown}
 p - 3 potions of curing
 t - a potion of brilliance {unknown}
 B - a potion of berserk rage {unknown}
 C - a potion of cancellation {unknown}
Books
 y - a book of Minor Magic

   Spells                             Type                      Level
   a - Magic Dart                     Conjuration                  1
   b - Blink                          Translocation                2
   c - Call Imp                       Summoning                    2
   d - Repel Missiles                 Charms/Air                   2
   e - Slow                           Hexes                        2
   f - Conjure Flame                  Conjuration/Fire             3
   g - Mephitic Cloud                 Conjuration/Poison/Air       3
Comestibles
 f - 5 bread rations
 i - 2 slices of pizza
 q - 5 fruits


   Skills:
 + Level 4.2(3.4) Fighting
 + Level 5.8(4.9) Maces & Flails
 + Level 6.7(5.8) Armour
 + Level 4.5(3.7) Shields


You had 4 spell levels left.
You knew the following spells:

 Your Spells              Type           Power        Failure   Level  Hunger
a - Blink                 Tloc           N/A          99%         2    ###....


Dungeon Overview and Level Annotations

Branches:
Dungeon (5/15)             Temple (1/1) D:4

Altars:
Cheibriados
Dithmenos
Elyvilon
Fedhas
Gozag
Kikubaaqudgha
Makhleb
Nemelex Xobeh
Okawaru
Qazlal
Ru
Trog
Uskayaw
Vehumet
Yredelemnul
Zin
The Shining One

Shops:
D:5 :

Annotations:
D:4 Blork the orc
D:5 Xarkox's ghost, novice DrFi


Innate Abilities, Weirdness & Mutations

You are resistant to torment.
Your stone body is resilient. (AC +4)
You are immune to poison.
You resist negative energy. (rN+)
You are resistant to electric shocks. (rElec)
You can survive without breathing.
You are immune to petrification.
You are immune to rotting.


Message History

You see here 2 arrows.
You closely miss the centaur.
The centaur is moderately wounded.
The centaur hits you.
* * * LOW HITPOINT WARNING * * *
The centaur closely misses you. Blork the orc completely misses you.
You closely miss the centaur.
The centaur is moderately wounded.
The centaur hits you but does no damage.
You hit the centaur.
The centaur is heavily wounded.
The centaur hits you but does no damage.
Blork the orc hits you but does no damage.
The centaur hits you.
* * * LOW HITPOINT WARNING * * *
You closely miss the centaur.
The centaur is heavily wounded.
You block the centaur's attack.
Blork the orc hits you with a battleaxe!
You die...

#..........###...#....
#..........##.........
#..........##o..#...##
#.............####...
##........##...## ####
#(..............######
#.............#.......
#.>..oc......#########
#....@......## #
#...........#
##.(........#
##.......### ##......#
#......# #......#
#......#


You could see Blork the orc (invisible) and a centaur.

Vanquished Creatures
  Sigmund (D:4)
  A phantom (D:5)
  An ogre (D:4)
  2 scorpions
  A howler monkey (D:5)
  A hound (D:4)
  An orc priest (D:4)
  A centaur skeleton (D:4)
  A jelly (D:5)
  Ijyb (D:2)
  A worker ant (D:4)
  9 adders
  An adder skeleton (D:4)
  3 worms
  A dart slug (D:1)
  A leopard gecko (D:4)
  7 orcs
  4 bats
  13 giant cockroaches
  10 goblins
  4 hobgoblins
  13 jackals
  12 kobolds
  3 quokkas
  2 ball pythons (D:3)
  3 frilled lizards
  A giant cockroach zombie (D:5)
  3 rats (D:2)
102 creatures vanquished.

Notes
Turn   | Place    | Note
-------+----------+-------------------------------------------
     0 | D:1      | Jerry the Gargoyle Fighter began the quest for the Orb.
     0 | D:1      | Reached XP level 1. HP: 14/14 MP: 1/1
    97 | D:1      | Reached XP level 2. HP: 14/19 MP: 2/2
   665 | D:2      | Reached XP level 3. HP: 19/23 MP: 3/3
   949 | D:2      | Reached skill level 4 in Armour
   959 | D:2      | Reached XP level 4. HP: 22/28 MP: 4/4
  1140 | D:2      | Noticed Ijyb
  1213 | D:2      | Killed Ijyb
  1429 | D:2      | Reached XP level 5. HP: 31/32 MP: 5/5
  1690 | D:3      | Found a faded altar of an unknown god.
  2131 | D:4      | Found a snail-covered altar of Cheibriados.
  2174 | D:4      | Reached skill level 5 in Armour
  2375 | D:4      | Reached XP level 6. HP: 32/37 MP: 6/6
  2541 | D:4      | Found a staircase to the Ecumenical Temple.
  2545 | D:4      | Noticed Sigmund
  2550 | D:4      | Killed Sigmund
  2550 | D:4      | Reached skill level 5 in Maces & Flails
  2550 | D:4      | Reached skill level 6 in Armour
  2550 | D:4      | Reached XP level 7. HP: 37/41 MP: 7/7
  2554 | Temple   | Entered the Ecumenical Temple
  2801 | Temple   | Became a worshipper of Warmaster Okawaru
  3005 | D:4      | Found a bloodstained altar of Trog.
  3040 | D:4      | Found a glowing golden altar of the Shining One.
  3294 | D:4      | Noticed Blork the orc
  3317 | D:5      | Entered Level 5 of the Dungeon
  3598 | D:5      | Learned a level 2 spell: Blink
  3736 | D:5      | Found a radiant altar of Vehumet.
  3756 | D:5      | Found Jiuch's Book Shop.
  4028 | D:5      | Noticed Xarkox's ghost (novice DrFi)
  4108 | D:4      | HP: 2/43 [centaur (3)]
  4109 | D:4      | Mangled by Blork the orc

Skill      XL: |  1  2  3  4  5  6  7 |
---------------+----------------------+-----
Maces & Flails | 3 4 5 |  5.8
Armour         | 4 5 6 |  6.7
Shields        | 4 |  4.5
Fighting       | 4 |  4.2

Action                   |  1- 3 |  4- 6 |  7- 9 || total
-------------------------+-------+-------+-------++-------
Melee: Whip              |   136 |   305 |   165 ||   606
       Flail             |     4 |       |       ||     4
  Use: Potion            |       |     1 |     1 ||     2
  Eat: Chunk             |       |     6 |     4 ||    10
Armor: Scale mail        |    74 |   157 |    73 ||   304
Dodge: Dodged            |    69 |   126 |    53 ||   248
Block: Shield            |       |       |     6 ||     6
